Map: Habitation Station LE (Void)

Players

savantsinge - Winner!

  • Race: Terran Terran
  • League: Gold
  • Spawn Location: 1:00

Fropez

  • Race: Protoss Protoss
  • League: Gold
  • Spawn Location: 11:00

VOD

Have the link to the VOD?

Description

Time

  • Played on: Jan. 17, 2017, 5:36 p.m.
  • Length: 9:23
Show
View Real Time Build Order
Export as new Build Order

savantsinge Terran - Winner!

Build Orders: MMM Bio 

Get SALT Encoding   

  12  0:01  SCV  
  13  0:16  Supply Depot  
  13  0:18  SCV  
  14  0:30  SCV  
  15  0:39  Barracks  
  15  0:42  SCV  
  16  0:46  Refinery  
  16  0:54  SCV  
  17  1:06  SCV  
  17  1:10  Barracks  
  18  1:18  SCV  
  19  1:26  Marine  
  20  1:34  Orbital Command  
  20  1:44  Reaper  
  20  1:46  Supply Depot  
  21  1:58  Reaper  
  22  2:03  Refinery  
  22  2:18  Reaper  
  23  2:23  Command Center  
  23  2:27  SCV  
  24  2:30  Reaper  
  25  2:43  SCV  
  26  2:52  Supply Depot  
  26  3:09  Marine x2  
  28  3:17  Factory  
  26  3:28  Marine x2  
  28  3:36  Barracks  
  28  3:42  Barracks  
  28  3:43  Supply Depot  
  28  3:49  SCV  
  29  3:55  Marine x2  
  32  4:03  Factory Tech Lab  
  32  4:04  SCV  
  32  4:13  Marine x2  
  32  4:15  SCV  
  35  4:28  Siege Tank  
  35  4:29  Barracks Reactor  
  38  4:32  Barracks Tech Lab  
  38  4:36  Marine  
  38  4:37  Marine  
  40  4:40  SCV  
  41  4:50  Starport  
  41  4:52  SCV  
  42  4:56  Stimpack, Marine  
  42  4:59  Marine  
  44  5:02  Marauder  
  44  5:05  SCV  
  47  5:08  Marine  
  47  5:09  Marine  
  48  5:31  Siege Tank, Marine  
  48  5:32  Marine  
  48  5:33  Marauder  
  48  5:34  Marine x2  
  57  5:38  Medivac  
  59  5:45  Supply Depot  
  59  5:49  SCV  
  60  5:51  Marine  
  60  5:52  Marine  
  62  6:01  Supply Depot  
  62  6:06  Starport  
  62  6:09  Siege Tank  
  65  6:25  Medivac  
  65  6:27  Marine x2  
  65  6:29  Marauder  
  65  6:31  Marine  
  65  6:32  Marine  
  73  6:34  SCV  
  74  6:41  SCV, Supply Depot  
  74  6:46  Marine x2  
  77  6:51  Marine  
  78  6:56  Supply Depot  
  78  6:59  Combat Shields  
  78  7:05  Orbital Command  
  78  7:07  Starport Reactor  
  78  7:11  Marine  
  78  7:12  Marine x2  
  81  7:19  Siege Tank  
  85  7:22  SCV  
  85  7:30  Marine  
  85  7:33  Marine x3, Marauder  
  90  7:47  Marine  
  88  8:01  Marine x4  
  88  8:03  Siege Tank  
  89  8:05  Marine  
  89  8:15  SCV  
  89  8:16  SCV  
  89  8:18  Marine  
  89  8:19  Marine  
  93  8:26  Marine  
  94  8:34  Supply Depot  
  94  8:39  Starport Tech Lab  
  94  8:44  Supply Depot  
  94  8:53  Engineering Bay  
  94  8:56  Marine, SCV x2, Marauder  
  94  9:08  SCV  
Show
View Real Time Build Order
Export as new Build Order

Fropez Protoss 

Build Orders: Mass Adepts 

Get SALT Encoding   

  12  0:01  Probe (Chrono Boost)  
  13  0:11  Probe (Chrono Boost)  
  14  0:19  Pylon  
  14  0:23  Probe (Chrono Boost)  
  15  0:39  Gateway  
  15  0:40  Probe (Chrono Boost)  
  16  0:48  Assimilator  
  16  0:50  Probe (Chrono Boost)  
  17  1:01  Probe (Chrono Boost)  
  19  1:11  Probe (Chrono Boost)  
  19  1:23  Pylon  
  19  1:28  Gateway  
  19  1:31  Cybernetics Core  
  19  1:33  Probe (Chrono Boost)  
  19  1:34  Assimilator  
  20  1:44  Probe (Chrono Boost)  
  21  1:54  Probe (Chrono Boost)  
  22  2:04  Gateway  
  23  2:11  Mothership Core (Chrono Boost)  
  24  2:16  Adept  
  24  2:22  Adept  
  28  2:27  Warp Gate  
  28  2:28  Pylon  
  28  2:33  Probe (Chrono Boost)  
  29  2:49  Pylon  
  29  2:56  Probe (Chrono Boost)  
  29  2:58  Adept x2  
  29  2:59  Adept  
  35  3:08  Probe (Chrono Boost)  
  37  3:20  Probe (Chrono Boost)  
  37  3:25  Adept  
  37  3:26  Adept  
  39  3:29  Adept  
  39  3:49  Pylon  
  39  4:09  Probe (Chrono Boost)  
  40  4:12  Pylon  
  38  4:21  Probe (Chrono Boost)  
  39  4:30  Twilight Council  
  39  4:31  Robotics Facility  
  39  4:33  Probe (Chrono Boost)  
  40  4:40  Nexus  
  40  4:42  Adept  
  40  4:43  Adept  
  40  4:45  Probe (Chrono Boost)  
  45  4:50  Adept  
  47  4:57  Probe (Chrono Boost)  
  48  5:06  Pylon  
  48  5:12  Pylon  
  45  5:36  Probe (Chrono Boost), Stalker  
  45  5:37  Stalker x2  
  45  5:41  Resonating Glaives  
  51  5:48  Pylon  
  51  5:52  Pylon, Probe (Chrono Boost)  
  51  5:54  Probe (Chrono Boost)  
  51  5:56  Observer  
  54  6:02  Gateway  
  54  6:03  Probe (Chrono Boost)  
  55  6:06  Probe (Chrono Boost)  
  55  6:10  Pylon  
  56  6:14  Probe (Chrono Boost)  
  57  6:25  Forge  
  57  6:29  Adept  
  57  6:32  Adept  
  61  6:36  Adept  
  63  6:48  Warp Prism  
  63  6:49  Assimilator  
  63  6:51  Adept  
  63  6:52  Pylon  
  67  6:55  Adept  
  67  7:00  Protoss Ground Weapons Level 1  
  69  7:05  Blink  
  69  7:07  Stalker x2  
  73  7:12  Pylon  
  73  7:14  Assimilator  
  73  7:26  Stalker x2  
  78  7:31  Probe (Chrono Boost)  
  78  7:47  Stalker x2  
  76  8:15  Adept x4  
  84  8:31  Robotics Bay  
  84  8:32  Pylon  
  84  8:33  Dark Shrine  
  84  8:41  Adept x3  
  84  8:42  Adept  
  84  8:43  Nexus  
  84  8:45  Assimilator  
  84  8:47  Pylon  
  80  9:07  Adept x3  
Tags
 
Add a new tag
Caveats
  • Supply blocks, unpowered buildings, or Contaminate may cause inaccurate times.
  • Supply counts are checked every 10 seconds.